 Dungeon Crawl Stone Soup version 0.28-a0-691-gad6df49e81 (webtiles) character file.

Game seed: 15970582714926507693

235 bjtr the Conjurer (level 5, -3/36 HPs)
             Began as a Demonspawn Conjurer on Oct 22, 2021.
             Slain by an orc (5 damage)
             ... on level 6 of the Dungeon on Oct 23, 2021.
             The game lasted 00:25:56 (3823 turns).

bjtr the Conjurer (Demonspawn Conjurer)             Turns: 3823, Time: 00:25:56

Health: -3/36      AC:  5    Str:  7    XL:     5   Next: 76%
Magic:  10/10      EV: 10    Int: 20    God:
Gold:   142        SH:  0    Dex: 12    Spells: 8/11 levels left

rFire   + . .      SeeInvis .   p - +0 quarterstaff
rCold   + . .      Faith    .   (shield currently unavailable)
rNeg    . . .      Spirit   .   j - +0 ring mail
rPois   +          Reflect  .   (helmet restricted)
rElec   +          Harm     .   (no cloak)
rCorr   +          Rampage  .   (no gloves)
Will    .....                   (no boots)
Stlth   +.........              (no amulet)
HPRegen 0.12/turn               (no ring)
MPRegen 0.12/turn               (no ring)

@: resistant
A: antennae 1, spiny 1, demonic touch 1
a: no special abilities


You were on level 6 of the Dungeon.
You visited 1 branch of the dungeon, and saw 6 of its levels.

You collected 142 gold pieces.

Inventory:

Hand Weapons
 h - a +0 short sword
 p - a +0 quarterstaff (weapon)
 r - a +0 mace
 t - a +0 hand axe
Missiles
 c - 165 stones (quivered)
 d - 19 bolts
 m - 119 arrows
 s - a boomerang
Armour
 a - a +0 robe
 j - a +0 ring mail (worn)
 q - a +0 leather armour
Scrolls
 b - a scroll of fog {unknown}
 e - a scroll of blinking {unknown}
 f - 3 scrolls of noise {unknown}
 i - 3 scrolls of amnesia {unknown}
 k - 2 scrolls of identify {unknown}
 o - a scroll of teleportation {unknown}
 u - a scroll of enchant armour {unknown}
 v - 2 scrolls of immolation {unknown}
 y - a scroll of holy word {unknown}
Potions
 n - a potion of magic {unknown}
 w - a potion of lignification {unknown}
 x - a potion of berserk rage {unknown}


   Skills:
 + Level 0.9 Fighting
 * Level 2.0 Armour
 + Level 2.6 Dodging
 + Level 2.1 Stealth
 * Level 3.5 Spellcasting
 + Level 4.9 Conjurations


You had 8 spell levels left.
You knew the following spells:

 Your Spells              Type           Power      Damage    Failure   Level
a - Magic Dart            Conj           92%        1d7       6%          1
b - Searing Ray           Conj           46%        2d6       9%          2

Your spell library contained the following spells:

 Spells                   Type           Power      Damage    Failure   Level
 Dazzling Flash           Conj/Hex       26%        N/A       43%         3
 Fulminant Prism          Conj/Hex       6%         3d7       85%         4
 Iskenderun's Mystic Bla  Conj/Tloc      13%        2d5       85%         4


Dungeon Overview and Level Annotations

Branches:
Dungeon (7/15)
 Temple: D:4-7

Altars:
Dithmenos

Shops:
D:3 !?:(:


Innate Abilities, Weirdness & Mutations

You have a pair of small antennae on your head.
You are partially covered in sharp spines.
Your touch may inflict minor irresistible damage on your foes.


Message History

Your Armour skill increases to level 2!
Things that are here:
a dart slug corpse; a ball python corpse Your magical contamination has completely faded away.
k - 2 scrolls labelled RIQOKHI JEKHOEMA (gained 1)
You fall into a shaft and drop 3 floors!
The shaft crumbles and collapses.
An iguana and a steam dragon come into view.
Found a whip and a tapered lead wand.
Found a scroll labelled NAIHU LEMEU and a dagger.
Found an escape hatch in the ceiling.
The iguana hisses angrily.
The steam dragon hisses angrily.
The steam dragon breathes steam at you. The ball of steam hits you!
Unknown command.
You see here a scroll labelled NAIHU LEMEU.
y - a scroll labelled NAIHU LEMEU The steam dragon breathes steam at you.
The ball of steam hits you!
* * * LOW HITPOINT WARNING * * *
You are engulfed in a cloud of scalding steam.
* * * LOW HITPOINT WARNING * * *
There is an escape hatch in the ceiling here.
You are engulfed in a cloud of scalding steam.
* * * LOW HITPOINT WARNING * * *
A mysterious force pulls you upwards. The hatch slams shut behind you.
You hear the hiss of flowing sand.
There is an entrance to an ossuary on this level.
Hurry and find it before the portal is buried!
The orc shouts! x3; The orc warrior shouts!
You hear a shout!
You feel better. The orc is struck by your spines.
The orc hits you with a +0 falchion.
* * * LOW HITPOINT WARNING * * *
The orc hits you from afar with a +0 trident.
* * * LOW HITPOINT WARNING * * *
The orc warrior completely misses you.
It was a potion of resistance.
You feel protected. The orc hits you with a +0 falchion.
You die... #### ...# oo. ##o# #@# ##o# ##

You could see an orc warrior and 3 orcs.

Vanquished Creatures
  A scorpion (D:4)
  A water moccasin skeleton (D:3)
  A howler monkey zombie (D:4)
  4 adders
  A worm (D:2)
  3 dart slugs
  5 orcs
  9 bats
  9 endoplasms
  A giant cockroach (D:2)
  3 goblins (D:4)
  4 hobgoblins
  4 jackals (D:1)
  A quokka (D:4)
  10 ball pythons
  2 frilled lizards (D:3)
  5 kobolds
  A quokka skeleton (D:4)
  8 rats
73 creatures vanquished.

Vanquished Creatures (others)
  3 fungi (D:1)
  A plant (D:1)
4 creatures vanquished.

Grand Total: 77 creatures vanquished

Notes
Turn   | Place    | Note
-------+----------+-------------------------------------------
     0 | D:1      | bjtr the Demonspawn Conjurer began the quest for the Orb.
     0 | D:1      | Reached XP level 1. HP: 13/13 MP: 3/3
   536 | D:1      | Found a faded altar of an unknown god.
   557 | D:1      | Gained mutation: You are partially covered in sharp spines.
                  | [demonic ancestry]
   557 | D:1      | Reached XP level 2. HP: 9/19 MP: 0/5
   791 | D:1      | Learned a level 2 spell: Searing Ray
  1433 | D:2      | Discovered your monstrous ancestry.
  1433 | D:2      | Gained mutation: You have a pair of small antennae on your
                  | head. [demonic ancestry]
  1433 | D:2      | Reached XP level 3. HP: 23/24 MP: 0/6
  2031 | D:2      | Gained mutation: Your touch may inflict minor irresistible
                  | damage on your foes. [demonic ancestry]
  2031 | D:2      | Reached XP level 4. HP: 30/30 MP: 0/8
  2479 | D:3      | Found a shadowy altar of Dithmenos.
  2568 | D:3      | Reached skill level 1 in Armour
  2618 | D:3      | Found Noetiasu's Book Boutique.
  2665 | D:3      | Found Iferghees's Antique Weapon Emporium.
  2977 | D:3      | Found Recupt's Distillery.
  2985 | D:3      | Found Riwe's Magic Scroll Shop.
  2988 | D:3      | Reached XP level 5. HP: 36/36 MP: 9/9
  3173 | D:3      | Found Dahusm's Book Shop.
  3811 | D:4      | You fall into a shaft and drop 3 floors!
  3811 | D:7      | Noticed a steam dragon
  3820 | D:7      | HP: 1/36 [something] (5)]
  3821 | D:6      | Noticed an orc warrior
  3823 | D:6      | Slain by an orc

Illustrated notes

Levels and vault maps discovered:
D:1:      saegor_arrival_simple_a, layout_basic,
          dreamdust_ecumenical_altar_grove
D:2:      wad_pebble_path, layout_rooms, minmay_tetromino_t4
D:3:      layout_loops_ring, nicolae_dithmenos_through_a_glass_darkly,
          serial_shops, shop_fountains, shop, nicolae_diamond_shop,
          nicolae_shop_crystal, nicolae_shop_crystal
D:4:      minmay_spotlight, layout_rooms, st_stairs_8, uniq_ijyb
D:6:      layout_cave_pools, mainiacjoe_overflow_chevrons,
          minmay_temple_entry_mini_moons, nicolae_ossuary_entry_plus,
          serial_shops, kennysheep_mini_moat, minmay_misc_feat_tiny,
          kennysheep_generic_room_14
D:7:      layout_basic, minmay_stone_trees_small, uniq_maggie

Skill      XL: |  1  2  3  4  5 |
---------------+----------------+-----
Dodging        | 2 |  2.6
Stealth        | 2 |  2.1
Armour         | 1 2 |  2.0
Spellcasting   | 3 |  3.5
Fighting       | |  0.9
Conjurations   | |  4.9

Action                   |  1- 3 |  4- 6 || total
-------------------------+-------+-------++-------
Melee: Unarmed           |    28 |       ||    28
       Short sword       |     8 |       ||     8
       Quarterstaff      |       |    16 ||    16
Throw: Stone             |    15 |       ||    15
 Cast: Magic Dart        |    20 |     7 ||    27
       Searing Ray       |    18 |    20 ||    38
  Use: Potion            |     1 |     2 ||     3
       Scroll            |     1 |       ||     1
Armor: Robe              |    22 |       ||    22
       Ring mail         |     1 |    10 ||    11
Dodge: Dodged            |    76 |    14 ||    90

Table legend: (Time is in decaauts)
 A = Elapsed time spent in this place.
 B = Non-inter-level travel time spent in this place.
 C = Inter-level travel time spent in this place.
 D = Time resting spent in this place.
 E = Time spent auto-exploring this place.
 F = Levels seen in this place.
 G = Mean time per level.
                   A        B        C        D        E       F      G
               +--------+--------+--------+--------+--------+-----+--------+
         Total |   3827 |   3778 |     49 |    722 |   2397 |   6 |  637.8 |
       Dungeon |   3827 |   3778 |     49 |    722 |   2397 |   6 |  637.8 |
               +--------+--------+--------+--------+--------+-----+--------+

Top non-repeatable levels by time:
     D:1: 1421 daAuts
     D:3: 1074 daAuts
     D:2: 930 daAuts
     D:4: 390 daAuts
     D:7: 9 daAuts
     D:6: 1 daAuts
